 Dungeon Crawl Stone Soup version 0.21.1-1-g345015f (webtiles) character file.

15546 pk666 the Thaumaturge (level 12, -5/68 HPs)
             Began as a Deep Elf Wizard on Feb 11, 2018.
             Was a Believer of Vehumet.
             Slain by an unseen horror (11 damage)
             ... on level 11 of the Dungeon on Feb 12, 2018.
             The game lasted 01:27:04 (14998 turns).

pk666 the Thaumaturge (Deep Elf Wizard)            Turns: 14998, Time: 01:27:07

Health: -5/68      AC:  7    Str:  6    XL:     12   Next: 2%
Magic:  19/30      EV: 15    Int: 29    God:    Vehumet [**....]
Gold:   440        SH:  0    Dex: 13    Spells: 14/36 levels left

rFire    . . .     SeeInvis .   w - staff of conjuration
rCold    + . .     Gourm    .   (no shield)
rNeg     . . .     Faith    .   a - +0 robe
rPois    .         Spirit   .   b - +0 hat
rElec    .         Reflect  .   M - +0 cloak (curse)
rCorr    .         Harm     .   D - +1 pair of gloves of Least Resistance {Str+2}
MR       +....                  U - +1 pair of boots {run}
Stlth    +++.......             f - amulet of magic regeneration
HPRegen  0.21/turn              l - ring of stealth
MPRegen  0.47/turn              G - ring of protection from cold

@: quick
A: no striking features
a: Renounce Religion


You were on level 11 of the Dungeon.
You worshipped Vehumet.
Vehumet was pleased with you.
You were not hungry.

You visited 3 branches of the dungeon, and saw 13 of its levels.
You also visited: Labyrinth.

You collected 503 gold pieces.
You spent 63 gold pieces at shops.

Inventory:

Armour
 a - a +0 robe (worn)
 b - a +0 hat (worn)
 D - the +1 pair of gloves of Least Resistance (worn) {Str+2}
   (You found it on level 8 of the Dungeon)

   It affects your strength (+2).
 M - a cursed +0 cloak (worn)
 U - a +1 pair of boots of running (worn)
Magical Staves
 w - an uncursed staff of conjuration (weapon)
 V - an uncursed staff of earth {unknown}
Jewellery
 e - the ring of the Hare {rF+ Slay+2 SInv}
   (You found it in a labyrinth)

   [ring of protection from fire]

   It affects your accuracy and damage with ranged weapons and melee attacks
   (+2).
   It protects you from fire.
   It lets you see invisible.
 f - an amulet of magic regeneration (around neck)
 l - a ring of stealth (left hand)
 t - the ring of Ratoil {Fire MR+ Str+3}
   (You found it in a labyrinth)

   [ring of fire]

   It enhances your fire magic.
   It affects your strength (+3).
   It protects you from fire.
   It makes you vulnerable to cold.
   It affects your resistance to hostile enchantments.
 z - a +2 amulet of reflection {unknown}
 G - a ring of protection from cold (right hand)
 H - an uncursed ring of stealth
 I - an uncursed ring of protection from magic {unknown}
Wands
 r - a wand of acid (17)
 y - a wand of paralysis (28)
 C - a wand of flame (18)
 L - a wand of polymorph (22)
 Q - a wand of enslavement (11)
 R - a wand of random effects (30)
 S - a wand of scattershot (3)
Scrolls
 g - 6 scrolls of teleportation
 j - a scroll of immolation {unknown}
 k - 4 scrolls of fear {unknown}
 m - 2 scrolls of random uselessness {unknown}
 n - 7 scrolls of identify
 o - a scroll of magic mapping {unknown}
 s - a scroll of fog {unknown}
 v - 2 scrolls of enchant armour {unknown}
 x - a scroll of amnesia {unknown}
 B - a scroll of blinking {unknown}
 E - a scroll of noise {unknown}
 J - a scroll of brand weapon {unknown}
 O - a scroll of remove curse {unknown}
Potions
 h - 3 potions of berserk rage
 p - 2 potions of cancellation
 q - a potion of magic
 u - a potion of flight
 A - a potion of mutation {unknown}
 K - a potion of brilliance {unknown}
 N - a potion of ambrosia {unknown}
Books
 c - a book of Minor Magic

   Spells                             Type                      Level
   a - Magic Dart                     Conjuration                  1
   b - Blink                          Translocation                2
   c - Call Imp                       Summoning                    2
   d - Slow                           Hexes                        2
   e - Conjure Flame                  Conjuration/Fire             3
   f - Mephitic Cloud                 Conjuration/Poison/Air       3
 i - a book of Geomancy

   Spells                             Type                      Level
   a - Sandblast                      Earth                        1
   b - Passwall                       Transmutation/Earth          2
   c - Stone Arrow                    Conjuration/Earth            3
   d - Petrify                        Transmutation/Earth          4
   e - Lee's Rapid Deconstruction     Earth                        5
 P - a book of Misfortune

   Spells                             Type                      Level
   a - Confusing Touch                Hexes                        1
   b - Confuse                        Hexes                        3
   c - Gell's Gravitas                Translocation                3
   d - Petrify                        Transmutation/Earth          4
   e - Metabolic Englaciation         Hexes/Ice                    5
   f - Yara's Violent Unravelling     Hexes/Transmutation          5
 T - a Necronomicon

   Spells                             Type                      Level
   a - Haunt                          Necromancy/Summoning         7
   b - Borgnjor's Revivification      Necromancy                   8
   c - Death's Door                   Charms/Necromancy            8
   d - Infestation                    Necromancy                   8
   e - Necromutation                  Transmutation/Necromancy     8
Miscellaneous
 W - a phantom mirror
Comestibles
 d - 9 rations


   Skills:
 - Level 5.2 Fighting
 - Level 5.1 Staves
 * Level 6.2 Dodging
 - Level 2.4 Stealth
 + Level 12.7 Spellcasting
 + Level 10.7 Conjurations
   Level 1.1 Summonings
 + Level 1.3 Necromancy
 - Level 3.1 Translocations
 - Level 3.0 Transmutations
 + Level 9.6 Fire Magic
 - Level 2.0 Air Magic
 - Level 3.0 Poison Magic


You had 14 spell levels left.
You knew the following spells:

 Your Spells              Type           Power        Failure   Level  Hunger
a - Magic Dart            Conj           ####         1%          1    None
b - Blink                 Tloc           N/A          1%          2    None
c - Passwall              Tmut/Erth      ####......   2%          2    None
d - Conjure Flame         Conj/Fire      #######.     1%          3    None
e - Stone Arrow           Conj/Erth      ######       1%          3    None
f - Necromutation         Tmut/Necr      ####......   100%        8    #######
z - Mephitic Cloud        Conj/Pois/Air  ######..     1%          3    None


Dungeon Overview and Level Annotations

Branches:
Dungeon (11/15)            Temple (1/1) D:7            Lair (1/6) D:11
    Orc (0/2) D:10

Altars:
Ashenzari
Cheibriados
Dithmenos
Elyvilon
Fedhas
Gozag
Hepliaklqana
Kikubaaqudgha
Nemelex Xobeh
Okawaru
Qazlal
Ru
Sif Muna
Trog
Uskayaw
Vehumet
Wu Jian
Xom
Yredelemnul
Zin
The Shining One
Beogh

Shops:
D:8 **[

Annotations:
D:2 Sigmund
D:3 1 runed door
D:4 Yawgmoth's ghost, amateur NaWz
D:10 exclusions: ice statue and orange crystal statue


Message History

Okay, then.
Casting: Stone Arrow
Confirm with . or Enter, or press ? or * to list all spells.
Okay, then.
Casting: Stone Arrow
Confirm with . or Enter, or press ? or * to list all spells.
Which direction?
Something hits you.
The cyan ugly thing is engulfed in blazing flames.
The cyan ugly thing barely misses you.
You begin to meditate on the wall.
You continue meditating on the rock.
Something barely misses you.
The cyan ugly thing is engulfed in blazing flames.
The cyan ugly thing claws you!
* * * LOW HITPOINT WARNING * * *
The cyan ugly thing shocks you!
* * * LOW HITPOINT WARNING * * *
You continue meditating on the rock.
Something hits you!
You die...

#.....####.....####...
#.....##......)..##...
###.....#...........#...
..........P......P......
..............>.........
..........P..........###
######§#..P........##
#######.##.........##
.......@####.....### ##
........u.......... ..
########§!.......### ##
.######..# .# .. ## .#
.. .. .. .. ##


You could see a cyan ugly thing.

Vanquished Creatures
  A minotaur (Lab)
  Josephine (D:10)
  5 two-headed ogres
  Sonja (D:10)
  3 orc knights (D:10)
  A cyclops (D:11)
  Maurice (D:9)
  A centaur zombie (D:8)
  A komodo dragon (Lair:1)
  3 hippogriffs
  A hornet (D:11)
  4 wraiths (D:10)
  12 yaks (D:9)
  A wyvern (D:10)
  A basilisk (D:11)
  A hungry ghost (D:11)
  Edmund (D:5)
  A water moccasin (D:9)
  5 orc warriors
  3 sky beasts
  A phantom (D:11)
  6 wolves (Lair:1)
  6 ogres
  4 centaurs
  2 crocodiles
  2 big kobolds (D:7)
  4 bullfrogs
  3 gnoll sergeants
  A water moccasin zombie (D:8)
  5 scorpions
  4 wights (D:11)
  3 howler monkeys (D:9)
  5 crimson imps
  4 hounds
  9 orc priests
  2 iguanas
  7 orc wizards
  Natasha (thrice) (D:2)
  A worker ant (D:9)
  A hound skeleton (D:8)
  A howler monkey zombie (D:10)
  12 gnolls
  9 adders
  2 shadow imps
  3 oozes
  A dart slug (D:5)
  5 leopard geckos
  45 orcs
  8 bats
  3 giant cockroaches
  11 goblins
  8 hobgoblins
  2 jackals (D:4)
  5 quokkas
  5 ball pythons
  13 frilled lizards
  18 kobolds
  A leopard gecko zombie (D:5)
  A quokka zombie (D:7)
  5 rats
279 creatures vanquished.

Vanquished Creatures (collateral kills)
  A worker ant (D:10)
1 creature vanquished.

Vanquished Creatures (others)
  A plant (D:11)
1 creature vanquished.

Grand Total: 281 creatures vanquished

Notes
Turn   | Place    | Note
-------+----------+-------------------------------------------
     0 | D:1      | pk666 the Deep Elf Wizard began the quest for the Orb.
     0 | D:1      | Reached XP level 1. HP: 10/10 MP: 7/7
   385 | D:1      | Reached XP level 2. HP: 15/15 MP: 6/9
   593 | D:1      | Reached skill level 5 in Spellcasting
   667 | D:1      | Reached XP level 3. HP: 19/19 MP: 9/11
   671 | D:1      | Learned a level 2 spell: Blink
   675 | D:1      | Learned a level 3 spell: Mephitic Cloud
   679 | D:1      | Learned a level 3 spell: Conjure Flame
   907 | D:2      | Reached skill level 1 in Poison Magic
  1097 | D:2      | Noticed Sigmund
  1171 | D:2      | Noticed Natasha
  1179 | D:2      | Killed Natasha
  1179 | D:2      | Reached skill level 1 in Air Magic
  1179 | D:2      | Reached XP level 4. HP: 6/24 MP: 5/13
  1462 | D:2      | Noticed Natasha
  1469 | D:2      | Killed Natasha
  1469 | D:2      | Reached skill level 1 in Fire Magic
  1475 | D:2      | Noticed Natasha
  1479 | D:2      | Killed Natasha
  1479 | D:2      | Reached XP level 5. HP: 21/28 MP: 6/14
  1619 | D:3      | Found a hide-covered altar of Uskayaw.
  1997 | D:3      | Found a white marble altar of Elyvilon.
  1998 | D:3      | Found a runed door.
  1998 | D:3      | Noticed an angel
  2119 | D:3      | HP: 1/28 [orc wizard/magic dart (9)]
  2754 | D:4      | Reached XP level 6. HP: 20/32 MP: 9/16
  2904 | D:4      | Found a bloodstained altar of Trog.
  2978 | D:4      | Noticed Yawgmoth's ghost (amateur NaWz)
  3474 | D:5      | Entered Level 5 of the Dungeon
  3537 | D:5      | Reached skill level 6 in Spellcasting
  3713 | D:5      | Found a shimmering altar of Xom.
  3714 | D:5      | Found an ornate altar of the Wu Jian Council.
  3824 | D:5      | Found a hide-covered altar of Uskayaw.
  3837 | D:5      | Reached XP level 7. HP: 32/36 MP: 7/18
  3884 | D:5      | Noticed Edmund
  3952 | D:5      | Killed Edmund
  4349 | D:5      | Found a glowing silver altar of Zin.
  4527 | D:6      | Reached skill level 5 in Dodging
  4527 | D:6      | Reached skill level 5 in Conjurations
  5252 | D:6      | Reached skill level 7 in Spellcasting
  5403 | D:6      | Reached skill level 1 in Staves
  5524 | D:7      | Reached XP level 8. HP: 42/42 MP: 16/20
  5526 | D:7      | Reached skill level 1 in Fighting
  6060 | D:7      | Found a staircase to the Ecumenical Temple.
  6119 | Temple   | Entered the Ecumenical Temple
  6131 | Temple   | Became a worshipper of Vehumet
  7170 | D:7      | Reached skill level 8 in Spellcasting
  7384 | D:8      | Found Zurphua's General Store.
  7406 | D:8      | Reached * piety under Vehumet
  7406 | D:8      | Offered knowledge of Sting by Vehumet.
  7410 | D:8      | Got a pair of polished gloves
  7416 | D:8      | Identified the +1 pair of gloves of Least Resistance {Str+2} (You found it on level 8 of the Dungeon)
  7436 | D:8      | Found Dosmawn's Armour Shoppe.
  7454 | D:8      | Reached XP level 9. HP: 40/52 MP: 19/23
  7531 | D:8      | Bought a +0 pair of boots for 63 gold pieces
  7669 | D:8      | Found Ypiptel's General Store.
  7893 | D:8      | You fall through a shaft!
  7928 | D:9      | Noticed a two-headed ogre
  7974 | D:9      | Reached skill level 5 in Staves
  8182 | D:9      | Noticed a two-headed ogre
  8191 | D:9      | Killed a two-headed ogre
  8191 | D:9      | Reached skill level 5 in Fighting
  8191 | D:9      | Reached skill level 9 in Spellcasting
  8191 | D:9      | Reached skill level 5 in Fire Magic
  8470 | D:8      | Reached XP level 10. HP: 59/59 MP: 20/25
  8486 | D:8      | Noticed a two-headed ogre
  8511 | D:8      | Killed a two-headed ogre
  9490 | D:9      | Learned a level 2 spell: Passwall
  9552 | D:9      | Reached skill level 10 in Spellcasting
  9856 | D:9      | Noticed Maurice
  9870 | D:9      | Killed Maurice
 10044 | D:9      | Noticed a two-headed ogre
 10054 | D:9      | Killed a two-headed ogre
 10054 | D:9      | Reached skill level 11 in Spellcasting
 10363 | D:10     | Entered Level 10 of the Dungeon
 10642 | D:10     | Noticed an ice statue
 10648 | D:10     | Noticed an orc knight
 10648 | D:10     | Noticed an orc knight
 10741 | D:10     | Noticed Sonja
 10786 | D:10     | Killed Sonja
 10786 | D:10     | Reached XP level 11. HP: 35/64 MP: 24/28
 10959 | D:10     | Learned a level 3 spell: Stone Arrow
 11027 | D:10     | Noticed a two-headed ogre
 11040 | D:10     | Killed a two-headed ogre
 11255 | D:10     | Noticed Josephine
 11264 | D:10     | Killed Josephine
 11269 | D:10     | Reached ** piety under Vehumet
 11269 | D:10     | Offered knowledge of Flame Tongue by Vehumet.
 11482 | D:11     | Reached skill level 10 in Conjurations
 11553 | D:11     | Reached skill level 12 in Spellcasting
 11620 | D:11     | Noticed a cyan ugly thing
 11810 | D:10     | Killed a two-headed ogre
 11936 | D:10     | Reached skill level 1 in Transmutations
 12231 | D:10     | Noticed an orc knight
 12325 | D:10     | Killed an orc knight
 12331 | D:10     | Found a roughly hewn altar of Beogh.
 12331 | D:10     | Found a staircase to the Orcish Mines.
 12339 | D:10     | Killed an orc knight
 12572 | D:10     | Killed an orc knight
 12705 | D:10     | Noticed an orange crystal statue
 12852 | D:11     | Found a staircase to the Lair.
 12879 | Lair:1   | Entered Level 1 of the Lair of Beasts
 13087 | Lair:1   | Found a labyrinth entrance.
 13096 | Lab      | Entered a labyrinth
 14177 | Lab      | Noticed a minotaur
 14194 | Lab      | Killed a minotaur
 14194 | Lab      | Offered knowledge of Throw Flame by Vehumet.
 14251 | Lab      | Got a slimy granite ring
 14251 | Lab      | Got an ancient lead ring
 14452 | Lair:1   | Identified a +1 pair of boots of running (You found it in a labyrinth)
 14453 | Lair:1   | Identified the ring of the Hare {rF+ Slay+2 SInv} (You found it in a labyrinth)
 14454 | Lair:1   | Identified the ring of Ratoil {Fire MR+ Str+3} (You found it in a labyrinth)
 14464 | Lair:1   | Learned a level 8 spell: Necromutation
 14723 | Lair:1   | Reached skill level 1 in Necromancy
 14853 | D:11     | Reached XP level 12. HP: 53/68 MP: 21/30
 14998 | D:11     | Slain by an unseen horror

Skill      XL: |  1  2  3  4  5  6  7  8  9 10 11 |
---------------+----------------------------------+-----
Conjurations   | 2 3 4 5 6 7 9 10 | 10.7
Spellcasting   | 5 6 7 8 9 11 12 | 12.7
Poison Magic   | 1 2 3 |  3.0
Dodging        | 3 4 5 6 |  6.2
Air Magic      | 1 2 |  2.0
Fire Magic     | 1 2 3 4 5 7 9 |  9.6
Staves         | 1 4 5 |  5.1
Fighting       | 3 5 |  5.2
Translocations | 3 |  3.1
Transmutations | 3 |  3.0
Necromancy     | 1 |  1.3
Stealth        | |  2.4
Summonings     | |  1.1

Action                   |  1- 3 |  4- 6 |  7- 9 | 10-12 || total
-------------------------+-------+-------+-------+-------++-------
Melee: Dagger            |       |       |     6 |       ||     6
       Staff             |       |       |    22 |    22 ||    44
 Cast: Magic Dart        |    99 |   162 |   335 |   220 ||   816
       Blink             |       |     2 |     2 |    12 ||    16
       Mephitic Cloud    |       |     8 |    29 |    45 ||    82
       Conjure Flame     |       |     6 |    28 |    59 ||    93
       Passwall          |       |       |       |    10 ||    10
       Stone Arrow       |       |       |       |   121 ||   121
  Use: Scroll            |       |       |     9 |     3 ||    12
       Potion            |       |       |       |     4 ||     4
 Stab: Confused          |       |       |     1 |     1 ||     2
  Eat: Chunk             |     1 |     8 |     9 |    14 ||    32
       Ration            |       |       |     1 |     2 ||     3
Armor: Robe              |     1 |     2 |    10 |     6 ||    19
Dodge: Dodged            |     3 |    17 |    50 |    35 ||   105
